 Dungeon Crawl Stone Soup version 0.23-a0-141-g456867d (webtiles) character file.

60 galech the Chopper (level 3, -1/29 HPs)
             Began as a Demonspawn Monk on Aug 31, 2018.
             Slain by an adder (5 damage)
             ... on level 2 of the Dungeon.
             The game lasted 00:02:04 (1653 turns).

galech the Chopper (Demonspawn Monk)                Turns: 1653, Time: 00:02:04

Health: -1/29      AC:  2    Str: 11    XL:     3   Next: 82%
Magic:  3/3        EV: 14    Int: 11    God:
Gold:   99         SH:  0    Dex: 16    Spells: 2/2 levels left

rFire    . . .     SeeInvis .   a - +0 hand axe
rCold    + . .     Gourm    .   (no shield)
rNeg     . . .     Faith    .   b - +0 robe
rPois    .         Spirit   .   (no helmet)
rElec    .         Reflect  .   (no cloak)
rCorr    .         Harm     .   (no gloves)
MR       .....                  (no boots)
Stlth    ++........             i - amulet of rage
HPRegen  0.09/turn              (no ring)
MPRegen  0.08/turn              (no ring)

@: lethally poisoned (-1 -> -6)
A: cold resistance 1
a: Evoke Berserk Rage


You were on level 2 of the Dungeon.
You were not hungry.

You visited 1 branch of the dungeon, and saw 2 of its levels.

You collected 99 gold pieces.

Inventory:

Hand Weapons
 a - a +0 hand axe (weapon)
Armour
 b - a +0 robe (worn)
Jewellery
 i - an amulet of rage (around neck)
Scrolls
 d - a scroll of fear {unknown}
 g - a scroll of amnesia {unknown}
 j - a scroll of identify {unknown}
 l - a scroll of blinking {unknown}
 n - a scroll of noise {unknown}
Potions
 e - a potion of lignification {unknown}
 h - a potion of mutation {unknown}
 k - a potion of curing {unknown}
 m - 2 potions of haste {unknown}
Comestibles
 c - 4 rations
 f - 2 chunks of flesh


   Skills:
 + Level 3.4 Fighting
 + Level 3.5 Axes
 + Level 3.2 Dodging
 + Level 2.0 Stealth


You had 2 spell levels left.
You didn't know any spells.
Your spell library was empty.

Dungeon Overview and Level Annotations

Branches:
Dungeon (2/15)

Altars:
Makhleb
Zin


Innate Abilities, Weirdness & Mutations

Your flesh is cold resistant. (rC+)


Message History

You are too injured to fight recklessly!
You are too injured to fight recklessly!
You are too injured to fight recklessly!
You are too injured to fight recklessly!
You are too injured to fight recklessly!
You fail to use your ability.
The adder bites you.
You are more poisoned.
The adder poisons you! The kobold hits you but does no damage.
The goblin closely misses you. The adder misses you.
You fail to use your ability.
You feel sick. The kobold hits you with a whip. The adder closely misses you.
The goblin hits you with a club.
* * * LOW HITPOINT WARNING * * *
You hit the kobold but do no damage. You barely miss the adder.
You barely miss the goblin. The adder bites you.
* * * LOW HITPOINT WARNING * * *
The kobold hits you but does no damage. The goblin closely misses you.
You fail to use your ability.
* * * LOW HITPOINT WARNING * * *
You feel sick. The adder bites you.
You die...

..........#.#.......##.
..####.........(.......
..# #.................
........#.#...........
.#...##.###?........#
.#... #.# #.........#
#.. #.# #.......####..
#.. #.###....(.S......
#. ..........@K......
..###....#.g.....#
.......+........
#.#....#.......#
#.#....#........ #
######........
#>....... ##.###...


You could see an adder, a goblin and a kobold.

Vanquished Creatures
  An adder (D:2)
  2 oozes (D:1)
  3 dart slugs (D:1)
  3 leopard geckos (D:1)
  4 goblins
  3 hobgoblins (D:2)
  5 kobolds
  A ball python (D:2)
  5 bats
  3 frilled lizards (D:1)
  7 rats
37 creatures vanquished.

Notes
Turn   | Place    | Note
-------+----------+-------------------------------------------
     0 | D:1      | galech the Demonspawn Monk began the quest for the Orb.
     0 | D:1      | Reached XP level 1. HP: 18/18 MP: 1/1
    89 | D:1      | Gained mutation: Your flesh is cold resistant. (rC+)
                  | [demonic ancestry]
    89 | D:1      | Reached XP level 2. HP: 16/24 MP: 2/2
   571 | D:1      | Reached XP level 3. HP: 29/29 MP: 3/3
  1173 | D:2      | Found a burning altar of Makhleb.
  1628 | D:2      | Found a glowing silver altar of Zin.
  1653 | D:2      | Slain by an adder

Vault maps used:
D:1:      scummos_arrival_checkerplants, st_stairs_6
D:2:      lemuel_crystal_altar, old_standard_altar, tgw_kikubaaqudgha

Skill      XL: |  1  2  3 |
---------------+----------+-----
Axes           | 3 |  3.5
Dodging        | 3 |  3.2
Stealth        | 2 |  2.0
Fighting       | |  3.4

Action                   || total
-------------------------++-------
Melee: Hand axe          ||   122
 Abil: Evoke Berserk Rag ||     1
 Stab: Sleeping          ||     4
  Eat: Chunk             ||     3
Armor: Robe              ||    34
Dodge: Dodged            ||   108

Table legend:
 A = Non-vault XP
 B = Vault XP
 C = Vault XP percentage of total XP
 D = Non-vault monster count
 E = Vault monster count
 F = Vault count percentage of total count
                 A         B        C        D         E       F
            +---------+---------+-------+---------+---------+-------
      Total |      79 |       8 |   9.2 |      35 |       2 |   5.4
            +---------+---------+-------+---------+---------+-------
        D:1 |      48 |       8 |  14.3 |      22 |       2 |   8.3
        D:2 |      31 |       0 |   0.0 |      13 |       0 |   0.0
            +---------+---------+-------+---------+---------+-------
